PAAA
MILTON DOGFISH HEAD @ FLORIDA MEN
06/10/2024
 
TOP OF THE 1ST
Milton Dogfish Head batting - Pitching for Florida Men : LHP Ray Neely
Pitching: LHP Ray Neely
Batting: RHB Raúl Ortíz 0-0: Fly out, F5 (Line Drive, 56)
Batting: LHB Robert Adams 0-0: Ball
1-0: Ball
2-0: Ball
3-0: Called Strike
3-1: Base on Balls
Batting: RHB Roy Childress 0-0: Ball
1-0: Called Strike
1-1: Ball
2-1: Ball
3-1: SINGLE (Groundball, 4M) (infield hit)
Robert Adams to second
Batting: LHB Sean Booth 0-0: Grounds into double play, 1-6-3 (Groundball, 15)
Top of the 1st over - 0 run(s), 1 hit(s), 0 error(s), 1 left on base; Milton 0 - Florida 0
BOTTOM OF THE 1ST
Florida Men batting - Pitching for Milton Dogfish Head : RHP Juan Reyes
Pitching: RHP Juan Reyes
Batting: RHB Lorenzo Díaz 0-0: Ball
1-0: Foul Ball, location: 2F
1-1: Ball
2-1: Foul Ball, location: 2F
2-2: Fly out, F9 (Flyball, 89M)
Batting: LHB Bastyão Lizardo 0-0: Ball
1-0: Ball
2-0: Ball
3-0: Called Strike
3-1: Base on Balls
Batting: RHB Max Banham 0-0: Called Strike
0-1: SINGLE (Line Drive, 9S)
Bastyão Lizardo to second
Batting: RHB Pat Ings 0-0: Ball
1-0: Ball
2-0: Fly out, F7 (Flyball, 7D)
Runner from 2nd tags up, SAFE at 3rd, no throw
Batting: RHB Gilberto Patino 0-0: Ball
Pickoff Throw by Catcher to First - Out!
Bottom of the 1st over - 0 run(s), 1 hit(s), 0 error(s), 0 left on base; Milton 0 - Florida 0
TOP OF THE 2ND
Milton Dogfish Head batting - Pitching for Florida Men : LHP Ray Neely
Batting: RHB José Correa 0-0: Called Strike
0-1: SOLO HOME RUN (Flyball, 7D), Distance : 377 ft
Batting: RHB Leonard James 0-0: Ball
1-0: Called Strike
1-1: Ball
2-1: Foul Ball, location: 2F
2-2: Foul Ball, location: 2F
2-2: Fly out, F9 (Flyball, 89D)
Batting: RHB David Sánchez 0-0: Foul Ball, location: 2F
0-1: Ball
1-1: Foul Ball, location: 2F
1-2: Ball
2-2: Fly out, F8 (Flyball, 8LM)
Batting: RHB Lane Hancock 0-0: Foul Ball, location: 2F
0-1: Ball
1-1: Ground out 6-3 (Groundball, 6M)
Top of the 2nd over - 1 run(s), 1 hit(s), 0 error(s), 0 left on base; Milton 1 - Florida 0
BOTTOM OF THE 2ND
Florida Men batting - Pitching for Milton Dogfish Head : RHP Juan Reyes
Batting: RHB Gilberto Patino 0-0: Ball
1-0: Ball
2-0: Called Strike
2-1: Foul Ball, location: 2F
2-2: Ball
3-2: Foul Ball, location: 2F
3-2: Foul Ball, location: 2F
3-2: Base on Balls
Batting: RHB Jim Unknown 0-0: Ball
1-0: Swinging Strike
1-1: Fly out, F4 (Popup, 8RS)
Batting: LHB Mysterious Walker 0-0: Called Strike
0-1: Ball
1-1: Ball
2-1: Foul Ball, location: 2F
2-2: Strikes out looking
Batting: RHB Jim Unknown 0-0: Ball
1-0: Called Strike
1-1: Ball
2-1: Fielders Choice at 2nd, U6 (Groundball, 6M)
Bottom of the 2nd over - 0 run(s), 0 hit(s), 0 error(s), 1 left on base; Milton 1 - Florida 0
TOP OF THE 3RD
Milton Dogfish Head batting - Pitching for Florida Men : LHP Ray Neely
Batting: RHB Jeff Bass 0-0: Ball
1-0: Ball
2-0: Ball
3-0: Called Strike
3-1: Base on Balls
Batting: RHB Raúl Ortíz 0-0: Foul Ball, location: 2F
0-1: SINGLE (Flyball, 89S)
Jeff Bass to second
Runner from 2nd tries for 3rd, SAFE, no throw or cutoff
Batting: LHB Robert Adams 0-0: Ball
1-0: Foul Ball, location: 2F
1-1: Fly out, F9 (Line Drive, 89D)
Runner from 3rd tags up, SCORES, no throw
Batting: RHB Roy Childress 0-0: Foul Ball, location: 2F
0-1: Foul Ball, location: 2F
0-2: Ball
1-2: Ball
2-2: Strikes out looking
Batting: LHB Sean Booth 0-0: Ball
1-0: Called Strike
1-1: Ball
2-1: Fly out, F7 (Flyball, 78XD)
Top of the 3rd over - 1 run(s), 1 hit(s), 0 error(s), 1 left on base; Milton 2 - Florida 0
BOTTOM OF THE 3RD
Florida Men batting - Pitching for Milton Dogfish Head : RHP Juan Reyes
Batting: RHB Aaron Phillips 0-0: Ball
1-0: Ball
2-0: Fly out, F7 (Line Drive, 7M)
Batting: RHB Lorenzo Díaz 0-0: Called Strike
0-1: Foul Ball, location: 2F
0-2: Ball
1-2: Fly out, F7 (Flyball, 7LM)
Batting: LHB Bastyão Lizardo 0-0: Ball
1-0: Called Strike
1-1: Ball
2-1: Ground out 1-3 (Groundball, 15)
Bottom of the 3rd over - 0 run(s), 0 hit(s), 0 error(s), 0 left on base; Milton 2 - Florida 0
TOP OF THE 4TH
Milton Dogfish Head batting - Pitching for Florida Men : LHP Ray Neely
Batting: RHB José Correa 0-0: Called Strike
0-1: Ball
1-1: Ball
2-1: Foul Ball, location: 2F
2-2: Foul Ball, location: 2F
2-2: Ball
3-2: Foul Ball, location: 2F
3-2: Foul Ball, location: 2F
3-2: Foul Ball, location: 2F
3-2: Foul Ball, location: 2F
3-2: DOUBLE (Flyball, 7M)
Batting: RHB Leonard James 0-0: Called Strike
0-1: Ball
1-1: Ground out U3 (Groundball, 3S)
José Correa to third
Batting: RHB David Sánchez 0-0: Ball
1-0: Ball
2-0: Ball
3-0: Base on Balls
Batting: RHB Lane Hancock 0-0: Ball
1-0: Foul Ball, location: 2F
1-1: Foul Ball, location: 2F
1-2: Foul Ball, location: 2F
1-2: Ball
2-2: Ball
3-2: Base on Balls
David Sánchez to second
Batting: RHB Jeff Bass 0-0: Called Strike
0-1: Ball
1-1: Ball
2-1: Fly out, F3 (Popup, 4)
Batting: RHB Raúl Ortíz 0-0: Called Strike
0-1: Ball
1-1: Ball
2-1: Ball
3-1: Base on Balls
José Correa scores
David Sánchez to third
Lane Hancock to second
Batting: LHB Robert Adams 0-0: Called Strike
0-1: Ball
1-1: Ball
2-1: Called Strike
2-2: Strikes out swinging
Top of the 4th over - 1 run(s), 1 hit(s), 0 error(s), 3 left on base; Milton 3 - Florida 0
BOTTOM OF THE 4TH
Florida Men batting - Pitching for Milton Dogfish Head : RHP Juan Reyes
Batting: RHB Max Banham 0-0: Ball
1-0: Ground out 5-3 (Groundball, 56S)
Batting: RHB Pat Ings 0-0: Fly out, F8 (Line Drive, 8LD)
Batting: RHB Gilberto Patino 0-0: Called Strike
0-1: Ball
1-1: Ball
2-1: Ball
3-1: Base on Balls
Batting: RHB Jim Unknown 0-0: Ball
1-0: Foul Ball, location: 2F
1-1: Ball
2-1: Swinging Strike
2-2: Ball
3-2: Foul Ball, location: 2F
3-2: Fly out, F7 (Flyball, 7M)
Bottom of the 4th over - 0 run(s), 0 hit(s), 0 error(s), 1 left on base; Milton 3 - Florida 0
TOP OF THE 5TH
Milton Dogfish Head batting - Pitching for Florida Men : LHP Ray Neely
Batting: RHB Roy Childress 0-0: Ball
1-0: Foul Ball, location: 2F
1-1: Ball
2-1: Ground out 5-3 (Groundball, 56S)
Batting: LHB Sean Booth 0-0: Called Strike
0-1: Ball
1-1: SINGLE (Popup, 9LS)
Batting: RHB José Correa 0-0: Ball
1-0: Ball
2-0: Called Strike
2-1: Foul Ball, location: 2F
2-2: Ball
3-2: Foul Ball, location: 2F
3-2: Foul Ball, location: 2F
3-2: Base on Balls
Sean Booth to second
Batting: RHB Leonard James 0-0: Called Strike
0-1: Swinging Strike
0-2: Ball
1-2: Fly out, F7 (Flyball, 7M)
Batting: RHB David Sánchez 0-0: Ball
1-0: Called Strike
1-1: Ground out 6-3 (Groundball, 6)
Top of the 5th over - 0 run(s), 1 hit(s), 0 error(s), 2 left on base; Milton 3 - Florida 0
BOTTOM OF THE 5TH
Florida Men batting - Pitching for Milton Dogfish Head : RHP Juan Reyes
Batting: LHB Mysterious Walker 0-0: Foul Ball, location: 2F
0-1: Fly out, F9 (Flyball, 89XD)
Batting: RHB Jim Unknown 0-0: SOLO HOME RUN (Line Drive, 7D), Distance : 387 ft
Batting: RHB Aaron Phillips 0-0: Ball
1-0: Swinging Strike
1-1: Called Strike
1-2: Foul Ball, location: 2F
1-2: Ball
2-2: Ground out 5-3 (Groundball, 5L)
Batting: RHB Lorenzo Díaz 0-0: Ball
1-0: Called Strike
1-1: Ball
2-1: Foul Ball, location: 2F
2-2: Foul Ball, location: 2F
2-2: Strikes out swinging
Bottom of the 5th over - 1 run(s), 1 hit(s), 0 error(s), 0 left on base; Milton 3 - Florida 1
TOP OF THE 6TH
Milton Dogfish Head batting - Pitching for Florida Men : LHP Ray Neely
Batting: RHB Lane Hancock 0-0: Foul Ball, location: 2F
0-1: Foul Ball, location: 2F
0-2: SINGLE (Groundball, 6MD)
Pitching: RHP Kyle Buckman
Batting: RHB Jeff Bass 0-0: Foul Ball, location: 2F
0-1: Ball
1-1: Fielders Choice at 2nd, 1-6 (Groundball, 15)
Batting: RHB Raúl Ortíz 0-0: Ball
1-0: Called Strike
1-1: Ball
2-1: Foul Ball, location: 2F
2-2: Strikes out looking
Batting: LHB Robert Adams 0-0: Ball
1-0: Foul Ball, location: 2F
1-1: Swinging Strike
1-2: Ball
2-2: Strikes out looking
Top of the 6th over - 0 run(s), 1 hit(s), 0 error(s), 1 left on base; Milton 3 - Florida 1
BOTTOM OF THE 6TH
Florida Men batting - Pitching for Milton Dogfish Head : RHP Juan Reyes
Batting: LHB Bastyão Lizardo 0-0: Ball
1-0: SINGLE (Line Drive, 9S)
Batting: RHB Max Banham 0-0: Ball
1-0: Called Strike
1-1: Swinging Strike
1-2: Ball
2-2: Foul Ball, location: 2F
2-2: Foul Ball, location: 2F
2-2: Foul Ball, location: 2F
2-2: DOUBLE (Groundball, 3D)
Bastyão Lizardo to third
Batting: RHB Pat Ings 0-0: Called Strike
0-1: Ball
1-1: Foul Ball, location: 2F
1-2: Fly out, F8 (Flyball, 8LXD)
Runner from 3rd tags up, SCORES, no throw
Batting: RHB Gilberto Patino 0-0: Ball
1-0: Ball
2-0: Ball
3-0: Called Strike
3-1: Fly out, F7 (Flyball, 7LD)
Runner from 2nd tags up, SAFE at 3rd, no throw
Batting: RHB Jim Unknown 0-0: Called Strike
0-1: Called Strike
0-2: Ball
1-2: Strikes out swinging
Bottom of the 6th over - 1 run(s), 2 hit(s), 0 error(s), 1 left on base; Milton 3 - Florida 2
TOP OF THE 7TH
Milton Dogfish Head batting - Pitching for Florida Men : RHP Kyle Buckman
Batting: RHB Roy Childress 0-0: Ball
1-0: Ground out 6-3 (Groundball, 56)
Batting: LHB Sean Booth 0-0: Foul Ball, location: 2F
0-1: Foul Ball, location: 2F
0-2: Ball
1-2: Ball
2-2: Strikes out swinging
Batting: RHB José Correa 0-0: Ball
1-0: Swinging Strike
1-1: Foul Ball, location: 2F
1-2: Ball
2-2: Foul Ball, location: 2F
2-2: Fly out, F9 (Flyball, 9S)
Top of the 7th over - 0 run(s), 0 hit(s), 0 error(s), 0 left on base; Milton 3 - Florida 2
BOTTOM OF THE 7TH
Florida Men batting - Pitching for Milton Dogfish Head : RHP Juan Reyes
Batting: LHB Mysterious Walker 0-0: Ball
1-0: Ground out 3-1 (Groundball, 34)
Batting: RHB Jim Unknown 0-0: Called Strike
0-1: Fly out, F9 (Flyball, 9M)
Batting: RHB Aaron Phillips 0-0: Ball
1-0: Ball
2-0: Foul Ball, location: 2F
2-1: Ball
3-1: Base on Balls
Batting: RHB Lorenzo Díaz 0-0: Called Strike
0-1: Ball
1-1: Ball
2-1: Foul Ball, location: 2F
2-2: Foul Ball, location: 2F
2-2: Ball
3-2: Foul Ball, location: 2F
3-2: Foul Ball, location: 2F
3-2: Fly out, F3 (Popup, 3F)
Bottom of the 7th over - 0 run(s), 0 hit(s), 0 error(s), 1 left on base; Milton 3 - Florida 2
TOP OF THE 8TH
Milton Dogfish Head batting - Pitching for Florida Men : RHP Kyle Buckman
Pitching: RHP Jim Unknown
Batting: RHB Leonard James 0-0: Ball
1-0: Called Strike
1-1: Ball
2-1: Ball
3-1: Base on Balls
Batting: RHB David Sánchez 0-0: Called Strike
0-1: Fly out, F9 (Flyball, 9LSF)
Batting: RHB Lane Hancock 0-0: Ball
1-0: Ball
2-0: Swinging Strike
2-1: Ball
3-1: Base on Balls
Leonard James to second
Batting: RHB Jeff Bass 0-0: Ball
1-0: Swinging Strike
1-1: Called Strike
1-2: Ball
2-2: Strikes out looking
Batting: RHB Raúl Ortíz 0-0: Ball
1-0: Ball
2-0: Ball
Passed Ball!
Leonard James to third
Lane Hancock to second
3-0: Base on Balls
Batting: LHB Robert Adams 0-0: Ball
1-0: Ball
2-0: Called Strike
2-1: Reached on error, E4 (Groundball, 34)
Leonard James scores
Lane Hancock to third
Raúl Ortíz to second
Batting: RHB Roy Childress 0-0: Ball
1-0: Swinging Strike
1-1: Foul Ball, location: 2F
1-2: Strikes out looking
Top of the 8th over - 1 run(s), 0 hit(s), 1 error(s), 3 left on base; Milton 4 - Florida 2
BOTTOM OF THE 8TH
Florida Men batting - Pitching for Milton Dogfish Head : RHP Juan Reyes
Pitching: LHP Jim Unknown
Batting: LHB Bastyão Lizardo 0-0: Swinging Strike
0-1: Ball
1-1: Ball
2-1: Called Strike
2-2: Ball
3-2: Fly out, F7 (Flyball, 7M)
Batting: RHB Max Banham 0-0: Called Strike
0-1: Ground out 5-3 (Groundball, 56)
Batting: RHB Pat Ings 0-0: Called Strike
0-1: Called Strike
0-2: SINGLE (Groundball, 6)
Batting: RHB Gilberto Patino 0-0: Ball
1-0: Ball
2-0: Called Strike
2-1: Foul Ball, location: 2F
2-2: Foul Ball, location: 2F
2-2: Foul Ball, location: 2F
2-2: Ball
3-2: Foul Ball, location: 2F
3-2: Base on Balls
Pat Ings to second
Pinch Hitting: RHB Jim Unknown 0-0: Ball
1-0: Ball
2-0: Called Strike
2-1: Swinging Strike
2-2: SINGLE (Line Drive, 78S)
Pat Ings to third
Gilberto Patino to second
Runner from 3rd tries for Home, SAFE, no throw or cutoff
Pinch Hitting: SHB Jim Unknown 0-0: Called Strike
0-1: Ball
1-1: Swinging Strike
1-2: Fly out, F3 (Popup, 3F)
Bottom of the 8th over - 1 run(s), 2 hit(s), 0 error(s), 2 left on base; Milton 4 - Florida 3
TOP OF THE 9TH
Milton Dogfish Head batting - Pitching for Florida Men : RHP Jim Unknown
Pitching: RHP Jim Unknown
Now at 3B: Jim Unknown
Now in RF: Luis Gutiérrez
Batting: LHB Sean Booth 0-0: Ball
1-0: Called Strike
1-1: Ball
2-1: Ball
3-1: Swinging Strike
3-2: Foul Ball, location: 2F
3-2: Ground out 6-3 (Groundball, 6M)
Batting: RHB José Correa 0-0: SINGLE (Line Drive, 78M)
Batting: RHB Leonard James 0-0: Called Strike
0-1: Foul Ball, location: 2F
0-2: Ball
1-2: Foul Ball, location: 2F
1-2: Grounds into double play, 6-4-3 (Groundball, 56)
Top of the 9th over - 0 run(s), 1 hit(s), 0 error(s), 0 left on base; Milton 4 - Florida 3
BOTTOM OF THE 9TH
Florida Men batting - Pitching for Milton Dogfish Head : LHP Jim Unknown
Batting: RHB Jim Unknown 0-0: Ball
1-0: Ball
2-0: Ball
3-0: Foul Ball, location: 2F
3-1: Foul Ball, location: 2F
3-2: Base on Balls
Batting: RHB Aaron Phillips 0-0: Bunted foul
0-1: Ball
1-1: Ball
2-1: Sac Bunt - play at second, runner OUT -> throw to first, DP!
Batting: RHB Lorenzo Díaz 0-0: Called Strike
0-1: Fly out, F8 (Flyball, 89S)
Bottom of the 9th over - 0 run(s), 0 hit(s), 0 error(s), 0 left on base; Milton 4 - Florida 3
This league is powered by Out of the Park Baseball, the baseball management simulation game for PC, Mac and Linux
Monday, October 3rd, 2016 - OOTP Baseball 16.9 Build 39